 Dungeon Crawl Stone Soup version 0.20.1-1-g8b1a95d (webtiles) character file.

28 dmj the Firebug (level 2, -1/20 HPs)
             Began as a Draconian Fire Elementalist on July 30, 2017.
             Slain by a goblin
             ... wielding a +0 club
              (4 damage)
             ... on level 2 of the Dungeon.
             The game lasted 00:07:29 (1255 turns).

dmj the Firebug (Draconian Fire Elementalist)       Turns: 1255, Time: 00:07:30

Health: -1/20      AC:  4    Str: 10    XL:     2   Next: 96%
Magic:  5/5        EV: 12    Int: 15    God:
Gold:   96         SH:  0    Dex: 11    Spells: 4/5 levels left

rFire    . . .     SeeInvis .   c - +0 dagger
rCold    . . .     Gourm    .   (no shield)
rNeg     . . .     Faith    .   (armour unavailable)
rPois    .         Spirit   .   (helmet restricted)
rElec    .         Reflect  .   (no cloak)
rCorr    .         Harm     .   (no gloves)
MR       .....                  (no boots)
Stlth    ++........             (no amulet)
Regen    0.1/turn               (no ring)
MPRegen  0.1/turn               (no ring)

@: no status effects
A: unfitting armour, cold-blooded, AC +4
a: no special abilities


You were on level 2 of the Dungeon.
You were not hungry.

You visited 1 branch of the dungeon, and saw 2 of its levels.

You collected 96 gold pieces.

Inventory:

Hand Weapons
 c - a +0 dagger (weapon)
Missiles
 f - 25 arrows
Potions
 e - a potion of curing {unknown}
Books
 a - a book of Flames

   Spells                             Type                      Level
   a - Flame Tongue                   Conjuration/Fire             1
   b - Throw Flame                    Conjuration/Fire             2
   c - Conjure Flame                  Conjuration/Fire             3
   d - Inner Flame                    Hexes/Fire                   3
   e - Sticky Flame                   Conjuration/Fire             4
   f - Fireball                       Conjuration/Fire             5
Comestibles
 b - 2 bread rations
 d - 3 fruits


   Skills:
 + Level 0.4 Short Blades
 + Level 2.0 Dodging
 + Level 1.9 Stealth
 + Level 2.3 Spellcasting
 + Level 1.1 Conjurations
 + Level 3.5 Fire Magic


You had 4 spell levels left.
You knew the following spells:

 Your Spells              Type           Power        Failure   Level  Hunger
a - Flame Tongue          Conj/Fire      #....        9%          1    #......


Dungeon Overview and Level Annotations

Branches:
Dungeon (2/15)

Altars:
Hepliaklqana


Innate Abilities, Weirdness & Mutations

Your plain brown scales are hard. (AC +4)
You cannot fit into any form of body armour.
You are cold-blooded and may be slowed by cold attacks.


Message History

The adder closely misses you. The hobgoblin closely misses you.
You hit the hobgoblin but do no damage.
The hobgoblin is severely wounded.
The adder closely misses you. x2
The hobgoblin hits you but does no damage.
You hit the hobgoblin but do no damage.
The hobgoblin is severely wounded.
The goblin hits you with a club. The adder closely misses you.
The hobgoblin hits you.
A dart slug comes into view.
The adder bites you. The goblin misses you. The adder bites you.
The hobgoblin closely misses you. The adder misses you. The adder misses you.
The goblin misses you. The adder misses you. The adder barely misses you.
The adder bites you.
* * * LOW HITPOINT WARNING * * *
The goblin hits you with a club.
You die...

.......#....############....#####
.......#)........................
.......#.######.#####.###########
..+#####.# ..[# #..# ...# #.#
#..#####.## ...# #.# .........#
#..#####.# ###.####.# ...'...#.#
##.g...##.# ...##.##.#
#.@Sgw..#.# ..###.##.#
#.......#.# #####§##§#
#....._...).# ....§§§§§#
#.#.......#.# ....§§§§##
#.#.......#.# ......§§# #
##.....##.. ......§(# ###.####g..
........# .... ..... ###.....#
#### ......


You could see an adder, a dart slug, a hobgoblin and a goblin.

Vanquished Creatures
  4 bats
  A giant cockroach (D:1)
  7 goblins
  6 hobgoblins
  A frilled lizard (D:2)
  3 kobolds (D:1)
  2 rats (D:1)
24 creatures vanquished.

Notes
Turn   | Place    | Note
-------+----------+-------------------------------------------
     0 | D:1      | dmj the Draconian Fire Elementalist began the quest for the Orb.
     0 | D:1      | Reached XP level 1. HP: 14/14 MP: 3/3
   275 | D:1      | Reached XP level 2. HP: 15/20 MP: 0/5
   985 | D:2      | Found a faded altar of an unknown god.
  1239 | D:2      | Found a hazy altar of Hepliaklqana.
  1255 | D:2      | Slain by a goblin

Skill      XL: |  1 |
---------------+----+-----
Dodging        | 2 |  2.0
Short Blades   | |  0.4
Stealth        | |  1.9
Spellcasting   | |  2.3
Conjurations   | |  1.1
Fire Magic     | |  3.5

Action                   || total
-------------------------++-------
Melee: Dagger            ||    64
       Tailslap          ||     5
 Cast: Flame Tongue      ||    16
  Use: Scroll            ||     1
 Stab: Sleeping          ||     2
  Eat: Bread ration      ||     1
Armor: Skin              ||    34
Dodge: Dodged            ||    63
